 Dungeon Crawl Stone Soup version 0.27.1-2-g3b301248ec (webtiles) character file.

Game seed: 9362851779228135985

27 vvl the Skirmisher (level 2, -1/24 HPs)
             Began as a Demonspawn Fighter on Sept 30, 2021.
             Succumbed to an adder's poison
             ... on level 2 of the Dungeon.
             The game lasted 00:02:00 (1716 turns).

vvl the Skirmisher (Demonspawn Fighter)             Turns: 1716, Time: 00:02:01

Health: -1/24      AC:  6    Str: 16    XL:     2   Next: 93%
Magic:  2/2        EV:  7    Int:  9    God:
Gold:   42         SH:  8    Dex: 12    Spells: 2/2 levels left

rFire    . . .     SeeInvis .   a - +0 long sword
rCold    . . .     Faith    .   c - +0 kite shield
rNeg     . . .     Spirit   .   b - +0 scale mail
rPois    .         Reflect  .   (no helmet)
rElec    .         Harm     .   (no cloak)
rCorr    .         Rampage  .   (no gloves)
Will     .....                  (no boots)
Stlth    ..........             (no amulet)
HPRegen  0.08/turn              (no ring)
MPRegen  0.08/turn              (no ring)

@: lethally poisoned (-1 -> -6)
A: powered by pain 1
a: no special abilities


You were on level 2 of the Dungeon.
You visited 1 branch of the dungeon, and saw 2 of its levels.

You collected 42 gold pieces.

Inventory:

Hand Weapons
 a - a +0 long sword (weapon)
Armour
 b - a +0 scale mail (worn)
 c - a +0 kite shield (worn)
Scrolls
 e - a scroll of immolation {unknown}
 f - a scroll of enchant armour {unknown}
 j - a scroll of identify {unknown}
Potions
 d - a potion of might
 g - a potion of magic {unknown}
 h - a potion of heal wounds {unknown}
 i - a potion of flight {unknown}


   Skills:
 + Level 3.1 Fighting
 + Level 2.0 Long Blades
 + Level 2.8 Armour
 + Level 0.6 Dodging
 + Level 2.8 Shields
 + Level 0.5 Spellcasting
 + Level 0.5 Necromancy
 + Level 0.4 Earth Magic
 + Level 0.7 Invocations


You had 2 spell levels left.
You didn't know any spells.
Your spell library contained the following spells:

 Spells                   Type           Power      Damage    Failure   Level
 Dazzling Flash           Conj/Hex       0%         N/A       100%        3
 Agony                    Necr           1%         N/A       100%        5
 Silence                  Hex/Air        0%         N/A       100%        5


Dungeon Overview and Level Annotations

Branches:
Dungeon (2/15)

Altars:


Innate Abilities, Weirdness & Mutations

You sometimes gain a little power by taking damage.


Message History

You block the bat's attack. The adder bites you.
You are poisoned.
The adder poisons you! The bat hits you but does no damage.
You block the adder's attack.
You hit the adder but do no damage.
You feel sick. The bat hits you. The adder bites you but does no damage.
You block the bat's attack. The adder bites you.
You closely miss the adder.
You feel sick. You block the bat's attack. The bat hits you but does no damage.
You block the adder's attack. x2
You miss the adder.
You feel sick.
You are no longer poisoned.
You block the bat's attack. The bat hits you. You block the adder's attack.
The bat hits you but does no damage. The adder barely misses you.
You riposte.
You barely miss the adder. You closely miss the adder.
The bat closely misses you. You block the bat's attack. The adder bites you.
You are poisoned.
The adder poisons you! The adder bites you.
You are lethally poisoned!
The adder poisons you!
You are too injured to fight recklessly!
You are too injured to fight recklessly!
You are too injured to fight recklessly!
You are too injured to fight recklessly!
You are too injured to fight recklessly!
You closely miss the adder.
* * * LOW HITPOINT WARNING * * *
You feel very sick. The bat barely misses you.
The bat hits you but does no damage. You block the adder's attack.
The bat barely misses you.
You riposte.
You hit the bat but do no damage. You block the adder's attack.
You completely miss the adder.
* * * LOW HITPOINT WARNING * * *
You feel very sick. You block the bat's attack.
The bat hits you but does no damage. The adder bites you.
* * * LOW HITPOINT WARNING * * *
The bat closely misses you. The adder bites you but does no damage.
You barely miss the adder.
You die...

# # ##### ....# ####
###.###########..
................###
##############..@S#
............##..#b#
###########.##..#Sg.
###.###.###.# #...#
#..# ... #.#####.##
#!# #.......# ##
#######.# #...


You could see 2 adders, a goblin and a bat.

Vanquished Creatures
  An adder (D:2)
  3 ball pythons (D:1)
  4 endoplasms
  2 hobgoblins (D:2)
  3 bats (D:1)
  2 kobolds (D:2)
  3 rats
18 creatures vanquished.

Notes
Turn   | Place    | Note
-------+----------+-------------------------------------------
     0 | D:1      | vvl the Demonspawn Fighter began the quest for the Orb.
     0 | D:1      | Reached XP level 1. HP: 18/18 MP: 1/1
   780 | D:1      | Gained mutation: You sometimes gain a little power by
                  | taking damage. [demonic ancestry]
   780 | D:1      | Reached XP level 2. HP: 24/24 MP: 2/2
  1122 | D:2      | Found a faded altar of an unknown god.
  1292 | D:2      | HP: 1/24 [poisoned by an adder]
  1715 | D:2      | HP: 1/24 [adder (3)]
  1716 | D:2      | Succumbed to an adder's poison

Illustrated notes

Levels and vault maps discovered:
D:1:      co_arrival_square_in_a_square_in_a_square, layout_loops_corners
D:2:      layout_basic, chequers_ecumenical_altar_twisty,
          minmay_indecisive_spiral

Skill      XL: |  1  2 |
---------------+-------+-----
Long Blades    | 2 |  2.0
Fighting       | |  3.1
Armour         | |  2.8
Dodging        | |  0.6
Shields        | |  2.8
Spellcasting   | |  0.5
Necromancy     | |  0.5
Earth Magic    | |  0.4
Invocations    | |  0.7

Action                   || total
-------------------------++-------
Melee: Long sword        ||    67
Armor: Scale mail        ||    29
Dodge: Dodged            ||    32
Block: Kite shield       ||    39
       Rpst.: Long sword ||    13
